 Dungeon Crawl Stone Soup version 0.31-a0-188-g5e087ee2ca (webtiles) character file.

Game seed: 10629316104705672149

72 qw the Shooter (level 4, -1/25 HPs)
             Began as a Deep Elf Hunter on June 23, 2023.
             Slain by an orc wizard
             ... wielding a +0 dagger
              (2 damage)
             ... on level 2 of the Dungeon.
             The game lasted 00:00:33 (1698 turns).

qw the Shooter (Deep Elf Hunter)                    Turns: 1698, Time: 00:00:34

Health: -1/25      AC:  5    Str: 10    XL:     4   Next: 6%
Magic:  6/6        EV: 12    Int: 14    God:
Gold:   82         SH:  0    Dex: 18    Spells: 3/3 levels left

rFire   . . .        Y - +0 shortbow
rCold   . . .        (shield currently unavailable)
rNeg    . . .        c - +0 leather armour
rPois   .            g - +2 hat
rElec   .            (no cloak)
rCorr   .            (no gloves)
SInv    .            (no boots)
Will    .....        (no amulet)
Stlth   ++           (no ring)
HPRegen 0.24/turn    (no ring)
MPRegen 0.10/turn

%: no passive effects
@: no status effects
A: no striking features
a: no special abilities


You were on level 2 of the Dungeon.
You visited 1 branch of the dungeon, and saw 3 of its levels.

You collected 82 gold pieces.


   Skills:
 - Level 1.5 Fighting
 + Level 7.5 Ranged Weapons
 - Level 2.4 Dodging
 - Level 1.2 Stealth


You had 3 spell levels left.
You didn't know any spells.
Your spell library was empty.

Inventory:

Hand Weapons
 Y - a +0 shortbow (weapon)
Armour
 c - a +0 leather armour (worn)
 g - a +2 hat (worn)
Scrolls
 d - a scroll of identify
 e - a scroll of enchant armour
Potions
 b - a potion of cancellation
 f - a potion of curing {unknown}

Dungeon Overview and Level Annotations

Branches:
Dungeon (3/15)

Altars:

Annotations:
D:3 Pargi


Message History

You feel sick.
You are no longer poisoned.
The adder barely misses you.
The orc wizard gestures at you while chanting.
The magic dart hits you. The adder barely misses you.
You shoot an arrow. The arrow hits the orc wizard.
The orc wizard is moderately wounded.
The adder bites you but does no damage. The orc wizard barely misses you.
You shoot an arrow.
The arrow completely misses the orc wizard.
The adder barely misses you.
The orc wizard hits you with a +0 dagger.
You shoot an arrow.
The arrow hits the orc wizard but does no damage.
The orc wizard is moderately wounded.
The adder closely misses you.
The orc wizard hits you with a +0 dagger.
The adder bites you but does no damage.
You shoot an arrow.
The arrow hits the orc wizard but does no damage.
The orc wizard is moderately wounded.
The adder bites you but does no damage. The orc wizard casts a spell at you.
The magic dart hits you!
You shoot an arrow.
The arrow closely misses the orc wizard.
The adder closely misses you.
The orc wizard mumbles some strange words.
The orc wizard flickers and vanishes!
Deactivating autopickup; reactivate with Ctrl-A.
The adder bites you but does no damage.
You shoot an arrow. The arrow barely misses the adder.
Something hits you but does no damage. The adder bites you but does no damage.
You shoot an arrow. The arrow hits the adder.
The adder is heavily wounded.
Something hits you but does no damage. The adder bites you but does no damage.
You shoot an arrow. The arrow barely misses the adder.
The adder closely misses you. Something hits you but does no damage.
The adder bites you. Something hits you.
You die...

#>#...# #.#...##########
#.#...##.......################
###...............[..)...........
#.....#.##.......################
#.#.#............# #
#.#.#.#.##.......# #
#.#.#.#..#......S####### #
#.#.#.##.####...@{.....# #
#.#.#.##.#############.# #
#.#.#.##...............##########
#.#.#.##########.......#...%....#
#.#.#.# #.......#.######.#
?...#.# #.......#.#......#
....#.# #.......#.#.####.#
....#.# #.......#.#......#
....#.####### #..............###


You could see an adder.

Vanquished Creatures
  2 adders (D:2)
  2 worms (D:2)
  A dart slug (D:2)
  2 ball pythons
  4 endoplasms
  3 giant cockroaches
  7 goblins
  4 hobgoblins
  3 quokkas
  4 bats
  2 frilled lizards
  4 kobolds
  3 rats
41 creatures vanquished.

Notes
Turn   | Place    | Note
-------+----------+-------------------------------------------
     0 | D:1      | qw the Deep Elf Hunter began the quest for the Orb.
     0 | D:1      | Reached XP level 1. HP: 12/12 MP: 3/3
     0 | D:1      | 0 ||| qw: Version: 0.3-a-9-g12657ce
     0 | D:1      | 0 ||| qw: Game counter: 3640
     0 | D:1      | 0 ||| qw: Always use a shield: true
     0 | D:1      | 0 ||| qw: God list: Okawaru
     0 | D:1      | 0 ||| qw: Allow faded altars: false
     0 | D:1      | 0 ||| qw: Do Orc after D:15 true
     0 | D:1      | 0 ||| qw: Do second Lair branch before Depths: true
     0 | D:1      | 0 ||| qw: Lair rune preference: random
     0 | D:1      | 0 ||| qw: Plans: Normal
     0 | D:1      | 0 ||| PLANNING D:1-11
   216 | D:1      | You fall into a shaft and drop 1 floor!
   278 | D:2      | 278 ||| DROPPING scroll of butterflies.
   287 | D:2      | 287 ||| STAIRDANCE
   327 | D:1      | Reached XP level 2. HP: 16/16 MP: 4/4
   349 | D:1      | Reached skill level 6 in Ranged Weapons
   914 | D:1      | 914 ||| UPGRADING to +0 helmet.
   919 | D:1      | 919 ||| UPGRADING to +2 hat.
   929 | D:1      | 929 ||| DROPPING +0 helmet.
   930 | D:1      | 930 ||| READING scroll labelled ZOMOZYTOCO.
   935 | D:1      | 935 ||| READING 3 scrolls labelled XAODUE VORESTU.
   936 | D:1      | 936 ||| READING 2 scrolls labelled FUCOYMNOO.
  1006 | D:2      | Reached XP level 3. HP: 17/20 MP: 5/5
  1095 | D:2      | Reached skill level 7 in Ranged Weapons
  1400 | D:2      | Reached XP level 4. HP: 23/25 MP: 6/6
  1648 | D:2      | 1648 ||| READING scroll labelled ZASURU ZOBI.
  1649 | D:2      | 1649 ||| READING 3 scrolls of identify.
  1649 | D:2      | 1649 ||| IDENTIFYING lumpy sapphire potion
  1650 | D:2      | 1650 ||| READING 2 scrolls of identify.
  1650 | D:2      | 1650 ||| IDENTIFYING brown potion
  1651 | D:2      | 1651 ||| DROPPING potion of ambrosia.
  1684 | D:3      | 1684 ||| PLANNING SEWER
  1684 | D:3      | Noticed Pargi
  1688 | D:3      | 1688 ||| STAIRDANCE
  1694 | D:2      | HP: 3/25 [orc wizard/magic dart (7)]
  1698 | D:2      | HP: 1/25 [adder (3)]
  1698 | D:2      | Slain by an orc wizard

Levels and vault maps discovered:
D:1:      tarquinn_simple_flora_water_a, layout_basic
D:2:      layout_basic
D:3:      layout_rooms, cheibrodos_sewer_entry_sluice,
          shapermc_ecumenical_altar_acropolis, uniq_natasha, uniq_pargi,
          uniq_crazy_yiuf_cottage

Skill      XL: |  1  2  3 |
---------------+----------+-----
Ranged Weapons | 6 7 |  7.5
Fighting       | |  1.5
Dodging        | |  2.4
Stealth        | |  1.2

Action                     |  1- 3 |  4- 6 || total
---------------------------+-------+-------++-------
   Fire: Shortbow          |   123 |    14 ||   137
    Use: Scroll            |     3 |     3 ||     6
 Armour: Leather armour    |    12 |    11 ||    23
  Dodge: Dodged            |    22 |     8 ||    30

Table legend:
 A = Non-vault XP
 B = Vault XP
 C = Vault XP percentage of total XP
 D = Non-vault monster count
 E = Vault monster count
 F = Vault count percentage of total count
                 A         B        C        D         E       F
            +---------+---------+-------+---------+---------+-------
      Total |     103 |       0 |   0.0 |      41 |       0 |   0.0
            +---------+---------+-------+---------+---------+-------
        D:1 |      29 |       0 |   0.0 |      17 |       0 |   0.0
        D:2 |      74 |       0 |   0.0 |      24 |       0 |   0.0
            +---------+---------+-------+---------+---------+-------
